 Dungeon Crawl Stone Soup version 0.31-a0-986-g5e6e4ef867 (webtiles) character file.

Game seed: 9818710246283677805

1164 Demosthentine the Ducker (level 8, -12/55 HPs)
             Began as a Demonspawn Gladiator on Nov 17, 2023.
             Was a Follower of Hepliaklqana.
             Shot with an arrow by a centaur (14 damage)
             ... on level 6 of the Dungeon.
             The game lasted 00:03:47 (4394 turns).

Demosthentine the Ducker (Demonspawn Gladiator)     Turns: 4394, Time: 00:03:48

Health: -12/55     AC:  4    Str: 17    XL:     8   Next: 17%
Magic:  8/8        EV: 16    Int:  9    God:    Hepliaklqana [*.....]
Gold:   347        SH:  0    Dex: 15    Spells: 7/7 levels left

rFire   . . .        a - +1 trident
rCold   . . .        (no shield)
rNeg    . . .        b - +0 leather armour
rPois   .            c - +0 helmet
rElec   .            (no cloak)
rCorr   .            (no gloves)
SInv    .            (no boots)
Will    +....        (no amulet)
Stlth   +            f - ring of willpower
HPRegen 0.29/turn    (no ring)
MPRegen 0.22/turn

%: no passive effects
@: studying Dodging
A: reduced essence, hooves 2, repulsion field 1, foul stench 1, magic
regeneration
a: Renounce Religion, Recall Ancestor, Ancestor Identity


You were on level 6 of the Dungeon.
You worshipped Hepliaklqana.
Hepliaklqana was aware of your devotion.
You visited 1 branch of the dungeon, and saw 6 of its levels.

You collected 347 gold pieces.

Inventory:

Hand Weapons
 a - a +1 trident (weapon)
Missiles
 d - 3 throwing nets (quivered)
 e - a javelin
Armour
 b - a +0 leather armour (worn)
 c - a +0 helmet (worn)
Jewellery
 f - a ring of willpower (left hand)
 n - a +6 ring of intelligence
 p - a ring of protection from cold
 r - a +6 ring of dexterity
Scrolls
 i - 3 scrolls of teleportation
 o - 2 scrolls of enchant weapon
 u - a scroll of fog
Potions
 g - a potion of mutation {unknown}
 h - 2 potions of curing
 j - a potion of resistance {unknown}
 k - 3 potions of haste {unknown}
 l - 2 potions of enlightenment {unknown}
 m - 2 potions of invisibility {unknown}
 q - a potion of degeneration {unknown}
 t - a potion of brilliance {unknown}
 v - a potion of attraction {unknown}


   Skills:
 + Level 5.2 Fighting
 + Level 5.1 Polearms
 - Level 1.7 Throwing
 + Level 4.2 Armour
 + Level 6.7 Dodging


You had 7 spell levels left.
You didn't know any spells.
Your spell library contained the following spells:

 Spells                   Type           Power      Damage    Failure   Level
 Apportation              Tloc           0%         N/A       43%         1
 Kiss of Death            Conj/Necr      0%         2d5       43%         1
 Sting                    Tmut/Pois      0%         1d3       43%         1
 Jinxbite                 Hex            0%         N/A       58%         2
 Poisonous Vapours        Pois/Air       0%         N/A       58%         2
 Confusing Touch          Hex            0%         N/A       82%         3
 Stone Arrow              Conj/Erth      0%         3d7       82%         3
 Volatile Blastmotes      Fire/Tloc      0%         2d10      82%         3
 Animate Armour           Summ/Erth      0%         N/A       99%         4
 Dispel Undead            Necr           0%         3d6       99%         4
 Fulminant Prism          Conj/Hex       0%         3d5       99%         4
 Iskenderun's Mystic Bla  Conj/Tloc      0%         2d3       99%         4
 Olgreb's Toxic Radiance  Pois           0%         N/A       99%         4
 Alistair's Intoxication  Tmut/Pois      0%         N/A       100%        5
 Lehudib's Crystal Spear  Conj/Erth      0%         10d2      100%        8


Dungeon Overview and Level Annotations

Branches:
Dungeon (6/15)
 Temple: D:4-7

Altars:
Dithmenos
Fedhas
Hepliaklqana

Portals:
Abyss: D:4

Annotations:
D:4 2 transporters, Fodor's ghost, amateur MiFi
D:5 3 runed translucent doors, zenocrate's ghost, novice VSIE


Innate Abilities, Weirdness & Mutations

Your life essence is reduced to manifest your ancestor. (-10% HP)
You have hoof-like feet.
You are surrounded by a mild repulsion field. (EV +2)
You may rarely emit foul miasma when damaged in melee.
You regenerate magic rapidly.


Message History

You puncture the bullfrog!
The bullfrog is heavily wounded.
The bullfrog is engulfed in dark miasma.
The bullfrog is poisoned.
The bullfrog seems to slow down.
The bullfrog barely misses you.
The centaur shoots an arrow.
The arrow completely misses you.
The bullfrog is engulfed in dark miasma.
The bullfrog looks even sicker.
The bullfrog seems to slow down.
The bullfrog hits you.
You closely miss the bullfrog. You kick the bullfrog.
The bullfrog is heavily wounded.
The centaur shoots an arrow.
The arrow hits you.
Caesarion hits the bullfrog.
The centaur shoots an arrow.
The arrow hits you.
The bullfrog is engulfed in dark miasma.
The bullfrog looks even sicker.
The bullfrog hits Caesarion.
Unknown command.
You barely miss the bullfrog. You kick the bullfrog.
You kill the bullfrog!
Unknown command.
The centaur shoots an arrow.
The arrow misses you.
The centaur shoots an arrow.
The arrow hits Caesarion!
Unknown command.
You swap places.
Unknown command.
You reach to attack!
You hit the centaur.
The centaur is lightly wounded.
The centaur shoots an arrow.
The arrow hits you!
A hound comes into view.
The centaur shoots an arrow.
The arrow hits you!
You are too injured to fight recklessly!
Unknown command.
You are too injured to fight recklessly!
Unknown command.
You are too injured to fight recklessly!
The centaur shoots an arrow.
The arrow hits you!
* * * LOW HITPOINT WARNING * * *
The centaur shoots an arrow.
The arrow hits you!
* * * LOW HITPOINT WARNING * * *
Caesarion hits the centaur.
The centaur shoots an arrow.
The arrow hits you!
You die...

... ....
....h ......
###......
###........
##[..#......
##.@..#......
#..°.........
#............
#......R.....
#....#.c.....
#....#.......
##......(....
..?.........
.............


You could see the friendly Caesarion the ancestor and a centaur (ally target).

Vanquished Creatures
  Duvessa (D:5)
  An ogre (D:4)
  Blork the orc (D:4)
  2 bullfrogs
  Dowan (D:5)
  2 jellies
  An orc priest (D:5)
  A sleepcap (D:4)
  Terence (D:2)
  Natasha (D:3)
  An orc wizard (D:4)
  6 adders
  A worm (D:4)
  4 dart slugs
  5 orcs
  3 bats
  7 endoplasms
  2 giant cockroaches
  6 goblins
  5 hobgoblins
  6 jackals
  4 kobolds
  2 quokkas (D:2)
  11 ball pythons
  4 rats
79 creatures vanquished.

Vanquished Creatures (collateral kills)
  Prince Ribbit (D:5)
  Edmund (D:5)
  A hound (D:5)
  An orc priest (D:5)
  An iguana (D:5)
  An adder (D:5)
6 creatures vanquished.

Vanquished Creatures (others)
  An ancestor (D:5)
1 creature vanquished.

Grand Total: 86 creatures vanquished

Notes
Turn   | Place    | Note
-------+----------+-------------------------------------------
     0 | D:1      | Demosthentine the Demonspawn Gladiator began the quest for
                  | the Orb.
     0 | D:1      | Reached XP level 1. HP: 16/16 MP: 1/1
   146 | D:1      | Gained mutation: You may rarely emit foul miasma when
                  | damaged in melee. [demonic ancestry]
   146 | D:1      | Reached XP level 2. HP: 13/22 MP: 2/2
   504 | D:1      | Reached skill level 1 in Armour
   504 | D:1      | Reached skill level 3 in Dodging
   525 | D:1      | Identified a scroll of acquirement
   525 | D:1      | Acquired a manual of Dodging
   621 | D:2      | Reached XP level 3. HP: 28/28 MP: 3/3
   738 | D:2      | Found a faded altar of an unknown god.
  1238 | D:2      | Noticed Terence
  1243 | D:2      | Killed Terence
  1244 | D:2      | Reached XP level 4. HP: 34/34 MP: 4/4
  1520 | D:3      | Noticed Natasha
  1528 | D:3      | Killed Natasha
  1686 | D:3      | Found a hazy altar of Hepliaklqana.
  1689 | D:3      | Found a shadowy altar of Dithmenos.
  1690 | D:3      | Found a blossoming altar of Fedhas.
  1772 | D:3      | Became a worshipper of Hepliaklqana the Forgotten
  2098 | D:3      | Noticed Natasha
  2343 | D:4      | Noticed a bullfrog
  2346 | D:4      | Noticed Blork the orc
  2351 | D:4      | Killed a bullfrog
  2352 | D:4      | Reached skill level 4 in Dodging
  2352 | D:4      | Gained mutation: You have large cloven feet. [demonic
                  | ancestry]
  2352 | D:4      | Reached XP level 5. HP: 12/41 MP: 5/5
  2358 | D:4      | Killed Blork the orc
  2361 | D:4      | Gained mutation: You regenerate magic rapidly. [demonic
                  | ancestry]
  2361 | D:4      | Reached XP level 6. HP: 22/47 MP: 6/6
  2808 | D:4      | Reached * piety under Hepliaklqana
  2822 | D:4      | Reached skill level 5 in Dodging
  2916 | D:4      | Found a transporter.
  2938 | D:4      | Found a transporter.
  2969 | D:4      | Found a one-way gate to the infinite horrors of the Abyss.
  2969 | D:4      | Noticed Fodor's ghost (amateur MiFi)
  2969 | D:4      | Noticed a small abomination
  3251 | D:5      | Entered Level 5 of the Dungeon
  3334 | D:5      | Gained mutation: You have hoof-like feet. [demonic
                  | ancestry]
  3334 | D:5      | Reached XP level 7. HP: 41/48 MP: 7/7
  3356 | D:5      | Noticed Edmund
  3365 | D:5      | Killed Edmund
  3643 | D:5      | Noticed Duvessa
  3643 | D:5      | Noticed Dowan
  3665 | D:5      | Killed Duvessa
  3666 | D:5      | Reached skill level 6 in Dodging
  3666 | D:5      | HP: 1/49 [Dowan/shard of ice (18)]
  3671 | D:5      | Killed Dowan
  3867 | D:5      | Found a runed translucent gate.
  3867 | D:5      | Found a runed translucent gate.
  3872 | D:5      | Found a runed translucent gate.
  3872 | D:5      | Noticed zenocrate's ghost (novice VSIE)
  3924 | D:5      | Noticed Prince Ribbit
  3931 | D:5      | Killed Prince Ribbit
  3932 | D:5      | Reached skill level 5 in Fighting
  3932 | D:5      | Reached skill level 5 in Polearms
  3932 | D:5      | Gained mutation: You are surrounded by a mild repulsion
                  | field. (EV +2) [demonic ancestry]
  3932 | D:5      | Reached XP level 8. HP: 31/55 MP: 8/8
  4394 | D:6      | HP: 2/55 [centaur/arrow (9)]
  4394 | D:6      | Shot with an arrow by a centaur

Illustrated notes

Levels and vault maps discovered:
D:1:      nicolae_arrival_memento_mori, layout_rooms, roderic_roman_lattice,
          minmay_bisected
D:2:      layout_loops_ring, dreamdust_ecumenical_altar_angels_and_demons,
          dk_noncrumbling_3, uniq_terence
D:3:      layout_loops_cross, minitemple, nicolae_elevator_lobby_asterisk,
          uniq_natasha
D:4:      layout_basic, gammafunk_ghost_abyssal_escape, uniq_blork_the_orc
D:5:      layout_basic, zin_academy, gammafunk_ghost_nasty_kobolds,
          minmay_diced_spiral, uniq_edmund, uniq_prince_ribbit1, uniq_duvessa
D:6:      layout_cave_pods, chequers_serial_rivers_small_3, chequers_garden,
          minivault_10

Skill      XL: |  1  2  3  4  5  6  7 |
---------------+----------------------+-----
Polearms       | 3 4 5 |  5.1
Armour         | 1 2 3 4 |  4.2
Dodging        | 3 4 5 6 |  6.7
Fighting       | 3 4 5 |  5.2
Throwing       | |  1.7

Action                     |  1- 3 |  4- 6 |  7- 9 || total
---------------------------+-------+-------+-------++-------
  Melee: Trident           |   113 |   105 |    59 ||   277
         Kick              |       |    16 |    10 ||    26
  Throw: Throwing net      |       |     2 |       ||     2
 Invoke: Recall Ancestor   |       |       |     1 ||     1
    Use: Scroll            |     7 |     3 |     1 ||    11
         Potion            |       |     2 |     2 ||     4
   Stab: Sleeping          |     3 |     2 |     1 ||     6
         Distracted        |       |       |     2 ||     2
 Armour: Leather armour    |    46 |    48 |    38 ||   132
  Dodge: Dodged            |    71 |    53 |    19 ||   143

Table legend: (Time is in decaauts)
 A = Elapsed time spent in this place.
 B = Non-inter-level travel time spent in this place.
 C = Inter-level travel time spent in this place.
 D = Time resting spent in this place.
 E = Time spent auto-exploring this place.
 F = Levels seen in this place.
 G = Mean time per level.
                   A        B        C        D        E       F      G
               +--------+--------+--------+--------+--------+-----+--------+
         Total |   4428 |   4306 |    122 |      0 |   3555 |   6 |  738.0 |
       Dungeon |   4428 |   4306 |    122 |      0 |   3555 |   6 |  738.0 |
               +--------+--------+--------+--------+--------+-----+--------+

Top non-repeatable levels by time:
     D:4: 1119 daAuts
     D:5: 1069 daAuts
     D:2: 851 daAuts
     D:3: 821 daAuts
     D:1: 549 daAuts
     D:6: 15 daAuts
